 Dungeon Crawl Stone Soup version 0.25-a0-1007-g10a8c3caa8 (webtiles) character file.

Game seed: 4720581107595199470, levelgen mode: classic

1165 EnegeticOcto the Skirmisher (level 8, -1/73 HPs)
             Began as a Minotaur Fighter on May 11, 2020.
             Slain by Sigmund
             ... wielding a +0 scythe of freezing
              (5 damage)
             ... on level 4 of the Dungeon.
             The game lasted 00:02:02 (3788 turns).

EnegeticOcto the Skirmisher (Minotaur Fighter)      Turns: 3788, Time: 00:02:02

Health: -1/73      AC:  7    Str: 24    XL:     8   Next: 17%
Magic:  7/7        EV:  9    Int:  5    God:
Gold:   179        SH: 10    Dex:  9    Spells: 7/7 levels left

rFire    . . .     SeeInvis .   d - +2 war axe (vamp)
rCold    . . .     Gourm    .   c - +0 kite shield
rNeg     . . .     Faith    .   b - +0 scale mail
rPois    .         Spirit   .   (helmet restricted)
rElec    .         Reflect  .   (no cloak)
rCorr    .         Harm     .   (no gloves)
MR       .....                  (no boots)
Stlth    ..........             (no amulet)
HPRegen  0.22/turn              (no ring)
MPRegen  0.10/turn              (no ring)

@: no status effects
A: retaliatory headbutt, horns 2
a: no special abilities


You were on level 4 of the Dungeon.
You were not hungry.

You visited 1 branch of the dungeon, and saw 7 of its levels.

You collected 179 gold pieces.

Inventory:

Hand Weapons
 d - a +2 vampiric war axe (weapon)
Armour
 b - a +0 scale mail (worn)
 c - a +0 kite shield (worn)
Jewellery
 n - an uncursed amulet of faith {unknown}
Wands
 i - a wand of polymorph (9)
Scrolls
 f - a scroll of fear {unknown}
 g - 2 scrolls of immolation {@r4}
 h - 3 scrolls of remove curse {@r6}
 j - a scroll of fog {unknown}
 m - 3 scrolls of identify {unknown}
 o - a scroll of enchant weapon {unknown}
 q - a scroll of amnesia {unknown}
 r - a scroll of magic mapping {unknown}
Potions
 a - a potion of mutation {unknown}
 k - a potion of might {@q3}
 l - 2 potions of heal wounds {unknown}
 p - 2 potions of curing {unknown}
Comestibles
 e - 6 rations
 s - 4 chunks of flesh


   Skills:
 * Level 7.2 Fighting
 * Level 6.5 Axes
 + Level 5.7 Armour
 + Level 3.8 Dodging
 + Level 5.7 Shields


You had 7 spell levels left.
You didn't know any spells.
Your spell library contained the following spells:

 Spells                   Type           Power        Failure   Level  Hunger
 Beastly Appendage        Tmut           #.....       99%         1    ##.....
 Sticks to Snakes         Tmut           #.......     99%         2    ###....
 Spider Form              Tmut/Pois      #.........   100%        3    ####...
 Ice Form                 Ice/Tmut       #.......     100%        4    #####..
 Blade Hands              Tmut           #.........   100%        5    ######.


Dungeon Overview and Level Annotations

Branches:
Dungeon (7/15)
 Temple: D:4-7

Altars:
Fedhas
Nemelex Xobeh

Annotations:
D:4 1 runed translucent door, Crazy Yiuf, Sigmund


Innate Abilities, Weirdness & Mutations

You reflexively headbutt those who attack you in melee.
You have a pair of horns on your head.


Message History

The centaur skeleton misses you. You furiously retaliate!
You headbutt the centaur skeleton!
You destroy the centaur skeleton!
The phantom blinks! x2
You block the phantom's attack.
Found a dagger.
You hit the phantom. Your headbutt misses the phantom.
The phantom is heavily damaged.
The phantom barely misses you.
You slice the phantom!!
The phantom is almost destroyed.
The phantom hits you but does no damage.
A phantom is nearby!
You completely miss the phantom. You headbutt the phantom.
You destroy the phantom!
Your Fighting skill increases to level 7!
You have reached level 8!
You feel stronger.
You now have 179 gold pieces (gained 21).
An adder comes into view.
An adder is nearby!
An adder is nearby!
The adder closely misses you. You block the adder's attack.
You closely miss the adder. You block the adder's attack.
You slash the adder!
The adder is almost dead.
The adder barely misses you. You furiously retaliate!
You headbutt the adder, but do no damage.
The adder closely misses you.
Your shield and scale mail prevent you from hitting the adder.
The adder is almost dead.
You block the adder's attack. The adder closely misses you.
You furiously retaliate!
You headbutt the adder!
You kill the adder!
No target in view!
No target in view!
No target in view!
No target in view!
No target in view!
No target in view!
You butcher the adder corpse.
s - 5 chunks of flesh (gained 2)
You see here an adder skeleton. x2
h - 3 scrolls of remove curse {@r6} (gained 1)
Found a leather armour.
Eating one of 5 chunks of flesh.
You eat one of the 5 chunks of flesh.
This raw flesh tastes terrible.
Sigmund the Dreaded comes into view.
He is wielding a +0 scythe of freezing.
Sigmund shouts!
An ogre comes into view. It is wielding a +0 giant club.
Sigmund flickers, as though insubstantial.
Sigmund gestures at you while chanting. The magic dart hits you!
The ogre shouts!
You hit the ogre.
You feel better.
The ogre is lightly wounded.
Sigmund hits you from afar with a +0 scythe of freezing.
Sigmund freezes you. You block the ogre's attack.
You slash the ogre! You headbutt the ogre.
The ogre is severely wounded.
The ogre closely misses you. You furiously retaliate!
You headbutt the ogre.
Sigmund hits you from afar with a +0 scythe of freezing!
Sigmund freezes you.
You hit the ogre.
You feel better.
You kill the ogre!
Sigmund gestures wildly while chanting.
Sigmund flickers and vanishes!
Deactivating autopickup; reactivate with Ctrl-A.
No target in view!
No target in view!
No target in view!
No target in view!
No target in view!
There is a strange disturbance nearby!
There is a strange disturbance nearby!
You hear some strange, mumbled words.
A puff of flame appears from out of thin air!
The puff of flame hits you. Something hits you but does no damage.
Found 15 gold pieces.
Things that are here:
a +0 giant club; an ogre corpse You slash something!
You feel better.
You headbutt something! You block something's attack.
You closely miss something. Your headbutt misses something.
Unknown command.
Unknown command.
You miss something. Your headbutt misses something. Something hits you!
Something freezes you.
You barely miss something. You headbutt something. Something hits you!
Something freezes you.
Your shield and scale mail prevent you from hitting something.
Something hits you but does no damage.
Your shield and scale mail prevent you from hitting something.
Something hits you! Something freezes you.
* * * LOW HITPOINT WARNING * * *
You hit something. Your headbutt misses something. Something hits you!
* * * LOW HITPOINT WARNING * * *
Something freezes you.
You die...

#### ### ♣♣♣.♣ #..# ♣♣♣
#.## #.# ### ######
#.###.# #..##.
#.....####..###
#####÷.......##
###############.#
#@.....# #.#
#.......###..#### #.#
.......##.......# #.#
#.....♣.#..♣.#.#.# #.#
......$#.♣..#.#.#####.##
#...####...##.#.........
#..##...####..######.#..
#..#.÷♣.#[.).## #....
#..#.♣..#.♣.## #....


There were no monsters in sight!

Vanquished Creatures
  Eustachio (D:4)
  2 slaves (D:4)
  Duvessa (D:6)
  A phantom (D:4)
  An ice beast (D:7)
  An ogre (D:4)
  2 bullfrogs
  Dowan (D:6)
  2 scorpions (D:4)
  2 orc wizards
  A bullfrog skeleton (D:6)
  A hound (D:5)
  A centaur skeleton (D:4)
  An orc priest (D:4)
  A worker ant (D:4)
  A hound skeleton (D:4)
  6 adders
  4 worms
  4 leopard geckos
  15 orcs
  5 bats
  7 giant cockroaches
  7 goblins
  6 hobgoblins
  6 jackals
  2 quokkas
  4 frilled lizards
  9 kobolds
  13 rats
108 creatures vanquished.

Notes
Turn   | Place    | Note
-------+----------+-------------------------------------------
     0 | D:1      | EnegeticOcto the Minotaur Fighter began the quest for the
                  | Orb.
     0 | D:1      | Reached XP level 1. HP: 19/19 MP: 0/0
   300 | D:1      | Reached XP level 2. HP: 27/27 MP: 1/1
   369 | D:1      | Reached skill level 4 in Fighting
  1194 | D:2      | Reached XP level 3. HP: 33/33 MP: 2/2
  1968 | D:3      | Reached skill level 1 in Dodging
  2128 | D:3      | Reached XP level 4. HP: 30/41 MP: 3/3
  2313 | D:3      | Found a sparkling altar of Nemelex Xobeh.
  2487 | D:4      | You fall into a shaft and drop 3 floors!
  2491 | D:7      | Found a blossoming altar of Fedhas.
  2492 | D:7      | Noticed a bullfrog
  2501 | D:7      | Killed a bullfrog
  2501 | D:7      | Reached XP level 5. HP: 47/47 MP: 4/4
  2571 | D:7      | Noticed an ice beast
  2572 | D:7      | Noticed an orc warrior
  2577 | D:7      | Killed an ice beast
  2577 | D:7      | Reached skill level 5 in Fighting
  2805 | D:6      | Reached XP level 6. HP: 56/56 MP: 5/5
  2837 | D:6      | Noticed Dowan
  2837 | D:6      | Noticed Duvessa
  2877 | D:6      | Killed Duvessa
  2877 | D:6      | Reached skill level 5 in Axes
  2878 | D:6      | Killed Dowan
  2878 | D:6      | Reached skill level 5 in Armour
  2878 | D:6      | Reached XP level 7. HP: 62/62 MP: 6/6
  2912 | D:5      | Entered Level 5 of the Dungeon
  2938 | D:5      | Reached skill level 6 in Fighting
  2938 | D:5      | Reached skill level 5 in Shields
  3199 | D:4      | Noticed Eustachio
  3213 | D:4      | Killed Eustachio
  3364 | D:4      | Found a runed translucent door.
  3365 | D:4      | Found the +6 shillelagh "Devastator" {shatter}
  3365 | D:4      | Noticed Crazy Yiuf
  3736 | D:4      | Reached skill level 7 in Fighting
  3736 | D:4      | Reached XP level 8. HP: 73/73 MP: 7/7
  3773 | D:4      | Noticed Sigmund
  3788 | D:4      | Slain by Sigmund

Illustrated notes

Levels and vault maps discovered:
D:1:      minmay_arrival_widening_spiral_narrow, layout_basic
D:2:      layout_basic, first_ration
D:3:      layout_rooms, nemelex_altar_shiori
D:4:      layout_loops_cross, minmay_bent, uniq_sigmund, uniq_eustachio,
          uniq_pikel, uniq_crazy_yiuf_cottage
D:5:      layout_basic, marbit_many_paths, hex_large, minivault_19
D:6:      layout_loops_cross, nicolae_overflow_hidden_temple,
          minmay_temple_entry_gardened_gates, uniq_menkaure, uniq_duvessa
D:7:      layout_basic, fedhas_ov_isle_minmay, chequers_ossuary_entry_cave,
          grunt_livestock

Skill      XL: |  1  2  3  4  5  6  7 |
---------------+----------------------+-----
Fighting       | 4 5 7 |  7.2
Armour         | 4 5 |  5.7
Axes           | 3 4 5 6 |  6.5
Dodging        | 1 2 3 |  3.8
Shields        | 4 5 |  5.7

Action                   |  1- 3 |  4- 6 |  7- 9 || total
-------------------------+-------+-------+-------++-------
Melee: War axe           |    99 |    69 |   111 ||   279
       Headbutt          |    10 |    13 |    14 ||    37
  Use: Scroll            |       |     3 |       ||     3
  Eat: Chunk             |     4 |     2 |     4 ||    10
Armor: Scale mail        |    57 |    28 |    33 ||   118
Dodge: Dodged            |    25 |    24 |    39 ||    88
Block: Kite shield       |    39 |    53 |    39 ||   131

Table legend:
 A = Non-vault XP
 B = Vault XP
 C = Vault XP percentage of total XP
 D = Non-vault monster count
 E = Vault monster count
 F = Vault count percentage of total count
                 A         B        C        D         E       F
            +---------+---------+-------+---------+---------+-------
      Total |    1099 |     566 |  34.0 |     100 |       6 |   5.7
            +---------+---------+-------+---------+---------+-------
        D:1 |      33 |       0 |   0.0 |      21 |       0 |   0.0
        D:2 |      26 |       0 |   0.0 |      15 |       0 |   0.0
        D:3 |      79 |       0 |   0.0 |      29 |       0 |   0.0
        D:4 |     506 |     346 |  40.6 |      23 |       4 |  14.8
        D:5 |      90 |       0 |   0.0 |       5 |       0 |   0.0
        D:6 |     138 |     220 |  61.5 |       3 |       2 |  40.0
        D:7 |     227 |       0 |   0.0 |       4 |       0 |   0.0
            +---------+---------+-------+---------+---------+-------
